 Dungeon Crawl Stone Soup version 0.21.1-1-g345015f (webtiles) character file.

109 aMcNicky the Conjurer (level 5, -14/37 HPs)
             Began as a Human Conjurer on Mar 10, 2018.
             Killed by divine providence
             ... invoked by an orc priest
              (15 damage)
             ... on level 3 of the Dungeon.
             The game lasted 00:13:34 (3181 turns).

aMcNicky the Conjurer (Human Conjurer)              Turns: 3181, Time: 00:13:34

Health: -14/37     AC:  3    Str:  8    XL:     5   Next: 13%
Magic:  5/9        EV: 13    Int: 16    God:
Gold:   161        SH:  0    Dex: 14    Spells: 4/10 levels left

rFire    . . .     SeeInvis .   d - +0 short sword
rCold    . . .     Gourm    .   (no shield)
rNeg     . . .     Faith    .   a - +0 robe
rPois    .         Spirit   .   (no helmet)
rElec    .         Reflect  .   r - +0 cloak
rCorr    .         Harm     .   (no gloves)
MR       .....                  (no boots)
Stlth    ++........             (no amulet)
HPRegen  0.12/turn              (no ring)
MPRegen  0.11/turn              (no ring)

@: about to teleport
A: no striking features
a: no special abilities


You were on level 3 of the Dungeon.
You were not hungry.

You visited 1 branch of the dungeon, and saw 3 of its levels.

You collected 161 gold pieces.

Inventory:

Hand Weapons
 d - a +0 short sword (weapon)
Armour
 a - a +0 robe (worn)
 r - a +0 cloak (worn)
Scrolls
 g - a scroll of enchant weapon {unknown}
 h - 3 scrolls of amnesia
 j - a scroll of noise {unknown}
 m - a scroll of blinking
 q - a scroll of enchant armour {unknown}
Potions
 e - a potion of cancellation {unknown}
 f - a potion of mutation
 l - a potion of flight
 n - a potion of agility {unknown}
 o - a potion of brilliance {unknown}
 p - 2 potions of curing {unknown}
Books
 b - a book of Conjurations

   Spells                             Type                      Level
   a - Magic Dart                     Conjuration                  1
   b - Searing Ray                    Conjuration                  2
   c - Dazzling Spray                 Conjuration/Hexes            3
   d - Fulminant Prism                Conjuration/Hexes            4
   e - Force Lance                    Conjuration/Translocation    4
   f - Iskenderun's Mystic Blast      Conjuration                  4
Comestibles
 c - 5 rations
 i - 2 chunks of flesh


   Skills:
 + Level 1.4 Fighting
 + Level 2.7 Dodging
 - Level 2.0 Stealth
 * Level 3.0 Spellcasting
 * Level 4.7 Conjurations


You had 4 spell levels left.
You knew the following spells:

 Your Spells              Type           Power        Failure   Level  Hunger
a - Magic Dart            Conj           ###.         2%          1    #......
b - Searing Ray           Conj           ###...       4%          2    ##.....
c - Dazzling Spray        Conj/Hex       ##....       22%         3    ###....


Dungeon Overview and Level Annotations

Branches:
Dungeon (3/15)

Altars:
Ashenzari


Message History

The orc priest invokes the aid of Beogh against you.
Beogh smites you!
You hear a shout!
As you read the scroll of teleportation, it crumbles to dust.
You feel strangely unstable.
Your surroundings suddenly seem different.
An orc wizard comes into view. It is wielding a dagger.
As you read the scroll of teleportation, it crumbles to dust.
You feel strangely unstable. The orc priest hits you with a dagger.
The gnoll hits you from afar with a halberd.
* * * LOW HITPOINT WARNING * * *
The orc wizard casts a spell.
The orc wizard blinks!
The orc priest mumbles some strange prayers to Beogh against you.
Beogh smites you!
* * * LOW HITPOINT WARNING * * *
The gnoll closely misses you.
The orc priest invokes the aid of Beogh against you.
Beogh smites you!
You die...

..[ .... ######## ######### ..)..
#......## #.......# .....
........######.......#####...(..
.............#..o...............
...............o@....##..........
...............o.....##..........
...............g......#..........
...................##............
................†.....>..........
............##...###.....#####...
.........#######.###.#..........#
.........#######.....##.........#
.........##.......######........#


You could see an orc priest, an orc wizard, a gnoll and an orc.

Vanquished Creatures
  2 gnolls (D:3)
  5 adders
  A dart slug (D:1)
  2 leopard geckos
  2 orcs (D:3)
  5 giant cockroaches
  3 goblins
  3 hobgoblins (D:2)
  6 kobolds
  A quokka (D:2)
  3 bats
  2 frilled lizards (D:1)
  5 rats
40 creatures vanquished.

Notes
Turn   | Place    | Note
-------+----------+-------------------------------------------
     0 | D:1      | aMcNicky the Human Conjurer began the quest for the Orb.
     0 | D:1      | Reached XP level 1. HP: 13/13 MP: 3/3
   462 | D:1      | Reached XP level 2. HP: 18/19 MP: 5/5
  1230 | D:2      | Found a shattered altar of Ashenzari.
  1264 | D:2      | Reached XP level 3. HP: 23/25 MP: 3/6
  1643 | D:2      | Reached skill level 1 in Fighting
  1648 | D:2      | Reached XP level 4. HP: 16/32 MP: 0/8
  2254 | D:2      | Learned a level 2 spell: Searing Ray
  2258 | D:2      | Learned a level 3 spell: Dazzling Spray
  3086 | D:3      | Reached XP level 5. HP: 35/37 MP: 6/9
  3180 | D:3      | HP: 1/37 [orc priest/divine providence (8)]
  3181 | D:3      | Killed from afar by an orc priest

Skill      XL: |  1  2  3  4 |
---------------+-------------+-----
Fighting       | 1 |  1.4
Spellcasting   | 3 |  3.0
Dodging        | |  2.7
Stealth        | |  2.0
Conjurations   | |  4.7

Action                   |  1- 3 |  4- 6 || total
-------------------------+-------+-------++-------
Melee: Short sword       |    37 |    21 ||    58
       Unarmed           |     9 |       ||     9
 Cast: Magic Dart        |    43 |    41 ||    84
       Searing Ray       |       |     1 ||     1
  Use: Scroll            |       |     8 ||     8
  Eat: Chunk             |     3 |     1 ||     4
       Ration            |       |     1 ||     1
Armor: Robe              |     7 |     3 ||    10
Dodge: Dodged            |    37 |    21 ||    58
